 Dungeon Crawl Stone Soup version 0.29.1-15-g9cfb28693d (webtiles) character file.

Game seed: 397105046155246486

130 Leximancer the Cudgeller (level 4, -2/45 HPs)
             Began as a Troll Berserker on Mar 15, 2023.
             Was a Believer of Trog.
             Slain by Sigmund
             ... wielding a +0 scythe
              (8 damage)
             ... on level 3 of the Dungeon.
             The game lasted 00:13:21 (1927 turns).

Leximancer the Cudgeller (Troll Berserker)          Turns: 1927, Time: 00:13:23

Health: -2/45      AC:  8    Str: 27    XL:     4   Next: 89%
Magic:  3/3        EV: 10    Int:  3    God:    Trog [**....]
Gold:   86         SH:  0    Dex:  9    Spells: 3/3 levels left

rFire   . . .      SeeInvis .   t - +0 falchion
rCold   . . .      Faith    +   (no shield)
rNeg    + . .      Spirit   .   b - +0 animal skin
rPois   .          Reflect  .   (helmet restricted)
rElec   .          Harm     .   (no cloak)
rCorr   .          Rampage  .   (gloves unavailable)
Will    ++...                   (boots unavailable)
Stlth   +.........              k - amulet of faith
HPRegen 1.95/turn               m - ring of positive energy
MPRegen 0.08/turn               r - +4 ring of protection

@: strong-willed (expiring), on berserk cooldown, regenerating (expiring),
hasted and slowed
A: large, unfitting armour, claws 3, regeneration 1, shaggy fur 1, tough skin 1
a: Renounce Religion, Berserk, Trog's Hand


You were on level 3 of the Dungeon.
You worshipped Trog.
Trog was pleased with you.
You visited 1 branch of the dungeon, and saw 3 of its levels.

You collected 86 gold pieces.

Inventory:

Hand Weapons
 a - a +0 mace
 l - a +0 whip
 t - a +0 falchion (weapon)
Missiles
 c - 27 stones
 e - 18 poisoned darts
 n - 4 large rocks (quivered)
 s - 2 javelins
Armour
 b - a +0 animal skin (worn)
Jewellery
 k - an amulet of faith (around neck)
 m - a ring of positive energy (left claw)
 o - a ring of wizardry
 r - a +4 ring of protection (right claw)
Scrolls
 f - a scroll of blinking {unknown}
 i - 3 scrolls of teleportation {unknown}
 j - a scroll of immolation {unknown}
Potions
 d - a potion of degeneration {unknown}
 h - 4 potions of curing {unknown}
 p - 2 potions of brilliance {unknown}
 q - a potion of berserk rage {unknown}


   Skills:
 + Level 3.1 Fighting
 + Level 0.2 Long Blades
 + Level 3.6 Maces & Flails
 + Level 0.2 Throwing
 + Level 3.2 Dodging
 + Level 0.3 Stealth


You had 3 spell levels left.
You didn't know any spells.
Your spell library contained the following spells:

 Spells                   Type           Power      Damage    Failure   Level
 Gell's Gravitas          Tloc           0%         N/A       88%         3
 Teleport Other           Tloc           0%         N/A       88%         3
 Corpse Rot               Necr/Pois/Air  0%         N/A       99%         4
 Dispel Undead            Necr           0%         3d6       99%         4
 Death Channel            Necr           0%         N/A       100%        6
 Dispersal                Tloc           0%         N/A       100%        6


Dungeon Overview and Level Annotations

Branches:
Dungeon (3/15)

Altars:

Annotations:
D:3 Sigmund


Innate Abilities, Weirdness & Mutations

You are too large for most types of armour.
You have claws for hands.
Your natural rate of healing is unusually fast.
You are covered in fur. (AC +1)
You have tough skin. (AC +1)


Message History

You are poisoned.
The scorpion poisons you!
You slash the scorpion!
You kill the scorpion!
Trog accepts your kill.
You feel sick.
You feel sick. Sigmund gestures at you while chanting. The magic dart hits you.
* * * LOW HITPOINT WARNING * * *
You hit Sigmund.
Sigmund is almost dead.
You feel sick.
Sigmund casts a spell.
Sigmund flickers and vanishes!
Deactivating autopickup; reactivate with Ctrl-A.
You barely miss the goblin.
You feel sick.
The goblin unwields a +0 sling.
The goblin wields a +0 club.
The goblin hits you but does no damage.
You hear some strange, mumbled words.
A puff of flame appears from out of thin air!
The puff of flame hits you.
* * * LOW HITPOINT WARNING * * *
You closely miss the goblin.
You feel sick. The goblin hits you but does no damage.
Something hits you but does no damage.
You closely miss the goblin.
You feel the effects of Trog's Hand fading.
The goblin closely misses you.
You barely miss the goblin.
You feel sick. Something hits you.
* * * LOW HITPOINT WARNING * * *
You slash the goblin!
You kill the goblin!
Trog accepts your kill.
You feel sick.
You closely miss something.
You are no longer berserk.
You are exhausted.
You feel yourself slow down.
You feel sick.
You are no longer poisoned.
Something hits you!
You die...

#... ........+
####.........#
#.#######)# #.
#.# #######.#
#.......#
#.......#
#.....{)#
+.....@.####
#..........#
#=.........#
#..........#
######.....#
#.....#
#.....#
#######


There were no monsters in sight!

Vanquished Creatures
  A scorpion (D:3)
  3 dart slugs
  2 orcs (D:3)
  4 endoplasms
  A giant cockroach (D:1)
  6 goblins
  5 hobgoblins
  4 jackals
  2 quokkas
  4 ball pythons
  8 bats
  A frilled lizard (D:2)
  9 kobolds
  12 rats
62 creatures vanquished.

Notes
Turn   | Place    | Note
-------+----------+-------------------------------------------
     0 | D:1      | Leximancer the Troll Berserker began the quest for the Orb.
     0 | D:1      | Reached XP level 1. HP: 22/22 MP: 0/0
   208 | D:1      | Reached XP level 2. HP: 29/29 MP: 1/1
   536 | D:1      | Reached ** piety under Trog
   658 | D:1      | Reached XP level 3. HP: 36/36 MP: 2/2
  1836 | D:3      | Reached *** piety under Trog
  1871 | D:3      | Noticed Sigmund
  1884 | D:3      | Reached XP level 4. HP: 45/45 MP: 3/3
  1908 | D:3      | Noticed a scorpion
  1919 | D:3      | Killed a scorpion
  1927 | D:3      | Slain by Sigmund

Illustrated notes

Levels and vault maps discovered:
D:1:      amcnicky_arrival_choice, layout_basic, bh_walls_and_bars
D:2:      layout_loops_ring
D:3:      layout_basic, mainiacjoe_overflow_alcove_1, minmay_crystal_room,
          uniq_robin, uniq_sigmund, uniq_jessica

Skill      XL: |  1  2  3 |
---------------+----------+-----
Maces & Flails | 3 |  3.6
Fighting       | 3 |  3.1
Dodging        | 3 |  3.2
Long Blades    | |  0.2
Throwing       | |  0.2
Stealth        | |  0.3

Action                   |  1- 3 |  4- 6 || total
-------------------------+-------+-------++-------
Melee: Mace              |   172 |     2 ||   174
       Falchion          |       |    22 ||    22
Throw: Large rock        |     3 |       ||     3
Invok: Berserk           |       |     1 ||     1
       Trog's Hand       |       |     1 ||     1
  Use: Potion            |       |     1 ||     1
 Stab: Sleeping          |     1 |       ||     1
Armor: Animal skin       |    81 |    19 ||   100
Dodge: Dodged            |   115 |    12 ||   127
